 Dungeon Crawl Stone Soup version 0.32-a0-411-g744942f433 (webtiles) character file.

Game seed: 17514340953189025117

886 hihot the Cleaver (level 8, -1/56 HPs)
             Began as a Coglin Gladiator on Feb 21, 2024.
             Was a Believer of Qazlal.
             Succumbed to a water moccasin's poison
             ... on level 5 of the Dungeon.
             The game lasted 00:08:59 (3513 turns).

hihot the Cleaver (Coglin Gladiator)                Turns: 3513, Time: 00:08:59

Health: -1/56      AC: 13    Str: 15    XL:     8   Next: 5%
Magic:  8/8        EV: 10    Int:  7    God:    Qazlal [**....]
Gold:   294        SH:  2    Dex: 20    Spells: 7/7 levels left

rFire   + + .        a - +0 war axe {Ran}
rCold   x . .        h - +0 war axe {Yae}
rNeg    . . .        k - +0 fire dragon scales
rPois   .            c - +1 helmet
rElec   .            m - +1 cloak
rCorr   .            (no gloves)
SInv    .            (no boots)
Will    .....        (no amulet) Stlth
                     (no ring)
HPRegen 0.29/turn    (no ring)
MPRegen 0.11/turn

%: no passive effects
@: lethally poisoned (-1 -> -19), immotile, hasted, revved, very quick
A: off-hand wielding, slow wielding, warmup strikes, legs shutdown, agile 1,
high MP 1, shaggy fur 1
a: Renounce Religion, Upheaval


You were on level 5 of the Dungeon.
You worshipped Qazlal.
Qazlal was pleased with you.
You visited 1 branch of the dungeon, and saw 5 of its levels.
You also visited: Sewer.

You collected 294 gold pieces.

Inventory:

Hand Weapons
 a - a +0 war axe (weapon) {Ran}
 h - a +0 war axe (offhand) {Yae}
Missiles
 d - 3 throwing nets (quivered)
 e - a javelin
Armour
 b - a +0 leather armour
 c - a +1 helmet (worn)
 k - +0 fire dragon scales (worn)
 m - a +1 cloak (worn)
Jewellery
 n - a ring of resist corrosion
Wands
 o - a wand of iceblast (5)
 u - a wand of flame (7)
Scrolls
 g - 2 scrolls of enchant weapon
 i - 2 scrolls of teleportation
 p - a scroll of blinking {unknown}
 q - a scroll of revelation {unknown}
 t - 3 scrolls of vulnerability
 v - 3 scrolls of identify
 w - a scroll of amnesia {unknown}
Potions
 l - 2 potions of attraction


   Skills:
 - Level 2.0 Fighting
 + Level 9.4 Axes
 - Level 1.7 Throwing
 - Level 2.6 Dodging


You had 7 spell levels left.
You didn't know any spells.
Your spell library contained the following spells:

 Spells                   Type           Power      Damage    Failure   Level
 Blink                    Tloc           0%         N/A       98%         2
 Lesser Beckoning         Tloc           0%         N/A       98%         2
 Momentum Strike          Conj/Tloc      0%         3d8       98%         2


Dungeon Overview and Level Annotations

Branches:
Dungeon (5/15)              Sewer (visited)
 Temple: D:4-7

Altars:
Gozag
Qazlal
Vehumet
Yredelemnul


Innate Abilities, Weirdness & Mutations

You can wield a second weapon in your off-hand.
It takes a long time for you to wield or remove held weapons.
Your first few attacks do less damage.
Attacking and casting redirects power from your legs.
You are agile. (Dex +4, Str/Int -1)
You have an increased reservoir of magic. (+10% MP)
You are covered in fur. (AC +1)


Message History

You feel very sick.
The water moccasin bites you but does no damage.
The water moccasin misses you.
You completely miss the water moccasin with your +0 war axe.
The water moccasin is heavily wounded.
You barely miss the water moccasin with your +0 war axe.
You feel very sick.
The water moccasin bites you but does no damage.
Unknown command.
You slash the water moccasin with your +0 war axe!
The water moccasin is almost dead.
You hit the water moccasin but do no damage.
You feel very sick.
The water moccasin bites you but does no damage.
Unknown command.
You closely miss the water moccasin with your +0 war axe.
The water moccasin is almost dead.
You miss the water moccasin with your +0 war axe.
You feel very sick. The water moccasin bites you.
* * * LOW HITPOINT WARNING * * *
The water moccasin misses you.
It was a potion of magic.
Magic courses through your body.
You are no longer unable to travel.
You feel sick.
The water moccasin bites you but does no damage.
It was a potion of mutation.
You feel extremely strange.
You feel agile.
You feel more energetic. Fur sprouts all over your body.
You feel sick.
The water moccasin bites you but does no damage. x2
It was a potion of haste.
You feel yourself speed up.
You feel sick. The water moccasin bites you.
* * * LOW HITPOINT WARNING * * *
You are more poisoned.
The water moccasin poisons you!
You hit the water moccasin with your +0 war axe.
You kill the water moccasin!
Qazlal accepts your kill.
You can now call upon nature to destroy your foes.
You die...

###### #.# #.
.....######.# #.
#.....#....# #.
###?#.#.#.##.####
####.
...............ß#
#ß...
###.#.#........+.
.+... #...).###....ß#
#ß... #...).).........
.....
#....@....#####.......
#...○.......> .######
#...........#
#.........#.# ###
#.........# # ##..
#.........# ##...
#.#.#.###.. ###(...
....... ... ........
.###....


There were no monsters in sight!

Vanquished Creatures
  A water moccasin (D:5)
  An ogre (D:4)
  A weeping skull (D:3)
  A bullfrog (D:4)
  A scorpion (D:4)
  2 jellies (Sewer)
  Jessica (D:3)
  3 iguanas
  Natasha (thrice) (D:2)
  2 orc wizards (D:5)
  6 adders
  A river rat (Sewer)
  7 ribbon worms
  12 orcs
  14 bats
  10 endoplasms
  9 giant cockroaches
  12 goblins
  10 hobgoblins
  4 jackals (D:2)
  5 kobolds
  5 quokkas
  9 ball pythons
  10 frilled lizards
  5 rats
  A spectral orc (D:3)
136 creatures vanquished.

Notes
Turn   | Place    | Note
-------+----------+-------------------------------------------
     0 | D:1      | hihot the Coglin Gladiator began the quest for the Orb.
     0 | D:1      | Reached XP level 1. HP: 16/16 MP: 1/1
   107 | D:1      | Reached XP level 2. HP: 17/22 MP: 2/2
   275 | D:1      | Reached skill level 4 in Axes
   508 | D:1      | Reached XP level 3. HP: 27/27 MP: 3/3
   975 | D:2      | Reached XP level 4. HP: 33/33 MP: 4/4
  1150 | D:2      | Noticed Natasha
  1156 | D:2      | Reached skill level 5 in Axes
  1157 | D:2      | Killed Natasha
  1490 | D:2      | Noticed Natasha
  1495 | D:2      | Killed Natasha
  1496 | D:2      | Reached XP level 5. HP: 30/38 MP: 5/5
  1540 | D:2      | Noticed Natasha
  1545 | D:2      | Killed Natasha
  1546 | D:2      | Reached skill level 6 in Axes
  1807 | D:3      | Found an opulent altar of Gozag.
  1819 | D:3      | Found a stormy altar of Qazlal.
  1825 | D:3      | Reached XP level 6. HP: 42/44 MP: 6/6
  1886 | D:3      | Became a worshipper of Qazlal Stormbringer
  2085 | D:3      | Noticed Jessica
  2092 | D:3      | Killed Jessica
  2277 | D:3      | Found a basalt altar of Yredelemnul.
  2289 | D:3      | Reached skill level 7 in Axes
  2347 | D:3      | Found a glowing drain.
  2391 | Sewer    | Entered a sewer
  2640 | Sewer    | Reached * piety under Qazlal
  2641 | Sewer    | Reached XP level 7. HP: 43/50 MP: 7/7
  2656 | Sewer    | Found a viscous altar of Jiyva.
  2891 | D:4      | Found a radiant altar of Vehumet.
  2899 | D:4      | Reached skill level 8 in Axes
  3190 | D:4      | Reached skill level 9 in Axes
  3389 | D:5      | Entered Level 5 of the Dungeon
  3484 | D:5      | Reached XP level 8. HP: 51/56 MP: 8/8
  3511 | D:5      | Gained mutation: You are agile. (Dex +4, Str/Int -1)
                  | [potion of mutation]
  3511 | D:5      | Gained mutation: You have an increased reservoir of magic.
                  | (+10% MP) [potion of mutation]
  3511 | D:5      | Gained mutation: You are covered in fur. (AC +1) [potion of
                  | mutation]
  3512 | D:5      | HP: 2/56 [water moccasin (5)]
  3513 | D:5      | Reached ** piety under Qazlal
  3513 | D:5      | Succumbed to a water moccasin's poison

Illustrated notes

Levels and vault maps discovered:
D:1:      minmay_arrival_checkered_box, layout_loops_ring
D:2:      cheibrodos_greedy_goblins, layout_loops_ring, uniq_natasha
D:3:      layout_loops_cross, yredelemnul_forgotten_temple_becter,
          mainiacjoe_overflow_tiny_flanked, nicolae_qazlal_scattered_showers,
          cheibrodos_sewer_entry_bend, minmay_starry_boxes, uniq_jessica
D:4:      layout_rooms, vehumet_altar_wand_db, chequers_serial_rivers_room_b
D:5:      kennysheep_big_flooded_room, layout_loops_ring, jmf_multi_god_temple2,
          temple_green, uniq_blork_the_orc

Skill      XL: |  1  2  3  4  5  6  7 |
---------------+----------------------+-----
Axes           | 4 5 6 7 9 |  9.4
Fighting       | |  2.0
Throwing       | |  1.7
Dodging        | |  2.6

Action                     |  1- 3 |  4- 6 |  7- 9 || total
---------------------------+-------+-------+-------++-------
  Melee: War axe           |    70 |   204 |   160 ||   434
         Short sword       |     7 |       |       ||     7
    Use: Scroll            |       |     6 |     1 ||     7
         Potion            |       |       |     5 ||     5
   Stab: Sleeping          |     3 |       |       ||     3
         Held in net/web   |       |     4 |       ||     4
 Armour: Leather armour    |    21 |     1 |       ||    22
         Fire dragon scale |       |    62 |    55 ||   117
  Dodge: Dodged            |    29 |    48 |    44 ||   121
  Block: Other             |       |       |     4 ||     4

Table legend: (Time is in decaauts)
 A = Elapsed time spent in this place.
 B = Non-inter-level travel time spent in this place.
 C = Inter-level travel time spent in this place.
 D = Time resting spent in this place.
 E = Time spent auto-exploring this place.
 F = Levels seen in this place.
 G = Mean time per level.
                   A        B        C        D        E       F      G
               +--------+--------+--------+--------+--------+-----+--------+
         Total |   3581 |   3423 |    158 |    346 |   2196 |   6 |  596.8 |
       Dungeon |   3254 |   3096 |    158 |    215 |   2196 |   5 |  650.8 |
         Sewer |    327 |    327 |      0 |    131 |      0 |   1 |  327.0 |
               +--------+--------+--------+--------+--------+-----+--------+

Top non-repeatable levels by time:
     D:3: 918 daAuts
     D:2: 874 daAuts
     D:1: 833 daAuts
     D:4: 503 daAuts
   Sewer: 327 daAuts
     D:5: 124 daAuts
